 Dungeon Crawl Stone Soup version 0.19.1-1-g22dce08 (webtiles) character file.

98 Alarkh the Chopper (level 4, -1/35 HPs)
             Began as a Demonspawn Monk on Jan 11, 2017.
             Slain by Grinder (4 damage)
             ... on level 3 of the Dungeon.
             The game lasted 00:02:33 (1667 turns).

Alarkh the Chopper (Demonspawn Monk)                Turns: 1667, Time: 00:02:35

Health: -1/35      AC:  2    Str: 11    XL:     4   Next: 44%
Magic:  4/4        EV: 22    Int: 12    God:
Gold:   50         SH:  0    Dex: 21    Spells: 0 memorised, 3 levels left

rFire  . . .     SeeInvis .     a - +1 hand axe (vamp)
rCold  . . .     Gourm    .     b - +0 robe
rNeg   . . .     Faith    .     (no shield)
rPois  .         Spirit   .     (helmet restricted)
rElec  .         Reflect  .     (no cloak)
rCorr  .         Harm     .     (no gloves)
MR     .....                    (no boots)
Stlth  +++.......               (no amulet)
                                l - ring of wizardry
                                k - +4 ring of evasion

@: agile
A: horns 2
a: no special abilities


You were on level 3 of the Dungeon.
You were not hungry.

You visited 1 branch of the dungeon, and saw 3 of its levels.

You collected 50 gold pieces.

Inventory:

Hand Weapons
 a - a +1 vampiric hand axe (weapon)
 q - a +0 hand axe
Armour
 b - a +0 robe (worn)
Jewellery
 k - a +4 ring of evasion (left hand)
 l - a ring of wizardry (right hand)
Scrolls
 d - 2 scrolls of amnesia
 e - a scroll of identify
 m - a scroll of immolation {unknown}
 n - a scroll of teleportation {unknown}
 o - a scroll of recharging {unknown}
Comestibles
 c - 2 bread rations
 f - 3 meat rations
 g - 7 chunks of flesh


   Skills:
 - Level 3.0 Fighting
 + Level 4.8 Axes
 - Level 2.6 Dodging
 - Level 1.7 Stealth


You had 3 spell levels left.
You didn't know any spells.

Dungeon Overview and Level Annotations

Branches:
Dungeon (3/15)

Altars:
Dithmenos
The Shining One

Annotations:
D:2 Sigmund
D:3 Grinder


Innate Abilities, Weirdness & Mutations

You have a pair of horns on your head.


Message History

Grinder closely misses you.
You barely miss Grinder. Your headbutt misses Grinder.
Grinder is heavily wounded.
Grinder says, "At least Makhleb appreciates what I'm doing."
Grinder closely misses you.
You barely miss Grinder. You headbutt Grinder!
Grinder is severely wounded.
Grinder blinks!
Grinder says, "DUCK!"
Grinder gestures at you. You resist with significant effort.
You hit Grinder.
Grinder is severely wounded.
Grinder gestures at you. Pain shoots through your body!
* * * LOW HITPOINT WARNING * * *
You hit Grinder. Your headbutt misses Grinder.
Grinder is severely wounded.
Grinder hits you.
You die...

#.# #.# #.# #.#
#####.###### #
#.<........####### #.
#.###.####.......# ..
#.# #.# #######.# #.##@#
#.# #.#
#...5###(######## #.#
.###.###...........###.#
............######)##..(
##.###..................
# #...#########.##...
##.## #............ #.#
#.#####.###.# ..# #)#
##.[...#


You could see Grinder.

Vanquished Creatures
  An orc wizard (D:3)
  A gnoll (D:1)
  An adder (D:3)
  2 leopard geckos
  5 orcs (D:3)
  A ball python (D:1)
  A giant cockroach (D:1)
  7 goblins
  4 hobgoblins
  A quokka (D:2)
  4 bats (D:1)
  4 frilled lizards
  6 kobolds
  6 rats (D:1)
44 creatures vanquished.

Notes
Turn   | Place    | Note
-------+----------+-------------------------------------------
     0 | D:1      | Alarkh the Demonspawn Monk began the quest for the Orb.
     0 | D:1      | Reached XP level 1. HP: 18/18 MP: 1/1
    64 | D:1      | Reached skill level 3 in Axes
   239 | D:1      | Gained mutation: You have a pair of small horns on your head. [demonic ancestry]
   239 | D:1      | Reached XP level 2. HP: 19/24 MP: 2/2
   608 | D:1      | Gained mutation: You have a pair of horns on your head. [demonic ancestry]
   608 | D:1      | Reached XP level 3. HP: 29/29 MP: 3/3
   860 | D:1      | Reached skill level 4 in Axes
  1240 | D:2      | Found a shadowy altar of Dithmenos.
  1282 | D:2      | Noticed Sigmund
  1507 | D:3      | Found a glowing golden altar of the Shining One.
  1553 | D:3      | Reached XP level 4. HP: 28/35 MP: 4/4
  1619 | D:3      | Noticed Grinder
  1642 | D:3      | Paralysed by Grinder for 4 turns
  1667 | D:3      | Slain by Grinder

Skill      XL: |  1  2  3 |
---------------+----------+-----
Axes           | 3 4 |  4.8
Fighting       | |  3.0
Dodging        | |  2.6
Stealth        | |  1.7

Action                   |  1- 3 |  4- 6 || total
-------------------------+-------+-------++-------
Melee: Hand axe          |   102 |    24 ||   126
       Headbutt          |    17 |     4 ||    21
  Use: Scroll            |     3 |       ||     3
       Potion            |       |     8 ||     8
 Stab: Sleeping          |     4 |       ||     4
  Eat: Chunk             |     1 |     1 ||     2
       Meat ration       |     1 |       ||     1
Armor: Robe              |    13 |     1 ||    14
Dodge: Dodged            |    65 |    16 ||    81
